 Dungeon Crawl Stone Soup version 0.18.1-48-g4cf74bf (webtiles) character file.

44 Grim the Twirler (level 3, -1/27 HPs)
             Began as a Mummy Gladiator on Sept 6, 2016.
             Slain by a jackal (2 damage)
             ... on level 2 of the Dungeon.
             The game lasted 00:03:47 (1624 turns).

Grim the Twirler (Mummy Gladiator)                  Turns: 1624, Time: 00:03:47

Health: -1/27      AC:  4    Str: 18    XL:     3   Next: 41%
Magic:  3/3        EV: 12    Int:  7    God:
Gold:   100        SH:  0    Dex: 13    Spells: 0 memorised, 2 levels left

rFire  x . .     SeeInvis .     a - +0 quarterstaff
rCold  + . .     Gourm    .     b - +0 leather armour
rNeg   + + +     Faith    .     (shield currently unavailable)
rPois  ∞         Spirit   .     c - +0 helmet
rElec  .         Dismiss  .     (no cloak)
rCorr  .         Reflect  .     (no gloves)
SustAt .         Harm     .     (no boots)
MR     .....                    (no amulet)
Stlth  +.........               (no ring)
                                (no ring)

@: not resistant to hostile enchantments, very unstealthy
A: no food or potions, fire vulnerability, cold resistance 1, negative energy
resistance 3, torment resistance, unbreathing
a: no special abilities


You were on level 2 of the Dungeon.
You were not hungry.

You visited 1 branch of the dungeon, and saw 2 of its levels.

You collected 100 gold pieces.

Inventory:

Hand Weapons
 a - a +0 quarterstaff (weapon)
Missiles
 d - 2 throwing nets (quivered)
Armour
 b - a +0 leather armour (worn)
 c - a +0 helmet (worn)
Jewellery
 e - an uncursed amulet of harm {unknown}
 n - an uncursed ring of ice {unknown}
Scrolls
 f - 2 scrolls of blinking {unknown}
 g - a scroll of fog {unknown}
 h - 2 scrolls of identify {unknown}
 i - a scroll of teleportation {unknown}
 j - a scroll of random uselessness {unknown}
 k - 3 scrolls of remove curse {unknown}
 m - a scroll of fear {unknown}
Books
 l - a book of Minor Magic

   Spells                             Type                      Level
   a - Magic Dart                     Conjuration                  1
   b - Blink                          Translocation                2
   c - Call Imp                       Summoning                    2
   d - Repel Missiles                 Charms/Air                   2
   e - Slow                           Hexes                        2
   f - Conjure Flame                  Conjuration/Fire             3
   g - Mephitic Cloud                 Conjuration/Poison/Air       3


   Skills:
 - Level 2.0 Fighting
 + Level 3.7 Staves
 - Level 1.5 Throwing
 - Level 2.4 Dodging


You had 2 spell levels left.
You didn't know any spells.

Dungeon Overview and Level Annotations

Branches:
Dungeon (2/15)

Altars:
Qazlal


Innate Abilities, Weirdness & Mutations

You do not eat or drink.
Your flesh is vulnerable to fire.
You are immune to poison.
Your flesh is cold resistant.
You are immune to negative energy.
You are immune to unholy pain and torment.
You can survive without breathing.


Message History

The jackal moves out of view.
The dart slug launches a dart at you. The slug dart hits you!
* * * LOW HITPOINT WARNING * * *
The gnoll hits you with a flail.
* * * LOW HITPOINT WARNING * * *
The gnoll hits you but does no damage. The jackal barely misses you.
The jackal barely misses you. The jackal barely misses you.
The jackal barely misses you. The jackal misses you.
The dart slug launches a dart at you. The slug dart hits you!
* * * LOW HITPOINT WARNING * * *
The jackal misses you.
The jackal bites you but does no damage.
The gnoll closely misses you. The jackal closely misses you.
The jackal bites you but does no damage.
The jackal bites you.
You die...

#...####.#.######.#.# #. #..##
#.#.### #.#.# #. #..# #.....#
#...# #. ###..# ###.#.# ##### #.
###.#..# #.#.# ###.
...#...#######.#.# #...
..###........#.#.#############...
...#..######.............#.......
.##...#### ###.#@#######.#.###.%.
.#.......#####...hhh###.......#..
.#.#.............#wg.....#.###...
..(##.##.#########gh.......####.#
.#.###....# #.#............#
!..##.##.!.# #.#.#..######.##
.#.#..#...#.# #......# #..w
.......[..# ###.##.# #..#
###.#...#.# #.##.# #..#


You could see 2 gnolls, a dart slug and 4 jackals.

Vanquished Creatures
  A gnoll (D:2)
  A giant gecko (D:2)
  2 giant cockroaches
  3 hobgoblins
  5 jackals
  A ball python (D:1)
  3 bats
  3 giant newts
  3 goblins
  5 kobolds
  7 rats
34 creatures vanquished.

Notes
Turn   | Place    | Note
--------------------------------------------------------------
     0 | D:1      | Grim the Mummy Gladiator began the quest for the Orb.
     0 | D:1      | Reached XP level 1. HP: 16/16 MP: 1/1
   394 | D:1      | Reached XP level 2. HP: 22/22 MP: 2/2
   420 | D:1      | Reached skill level 3 in Staves
  1366 | D:2      | Reached XP level 3. HP: 27/27 MP: 3/3
  1471 | D:2      | Found a stormy altar of Qazlal.
  1620 | D:2      | HP: 1/27 [dart slug/slug dart (2)]
  1624 | D:2      | Slain by a jackal

Skill      XL: |  1  2 |
---------------+-------+-----
Staves         | 3 |  3.7
Fighting       | |  2.0
Throwing       | |  1.5
Dodging        | |  2.4

Action                   || total
-------------------------++-------
Melee: Quarterstaff      ||   127
Throw: Throwing net      ||     1
Armor: Leather armour    ||    62
Dodge: Dodged            ||    98
